SA
MT. VERNON BULLS @ NEBRASKA PLAINSMEN
07/19/2025
 
TOP OF THE 1ST
Mt. Vernon Bulls batting - Pitching for Nebraska Plainsmen : RHP Juan Contreras
Pitching: RHP Juan Contreras
Batting: RHB Noël Sassetti 0-0: Ball
1-0: Ball
2-0: Called Strike
2-1: Called Strike
2-2: Foul Ball, location: 2F
2-2: Ball
3-2: Foul Ball, location: 2F
3-2: Foul Ball, location: 2F
3-2: Ground out 5-3 (Groundball, 56)
Batting: SHB Anastasio Delgadilo 0-0: Called Strike
0-1: Foul Ball, location: 2F
0-2: Ball
1-2: Ball
2-2: SINGLE (Line Drive, 4)
Batting: RHB José Perea 0-0: Called Strike
0-1: Swinging Strike
0-2: Ball
1-2: Strikes out swinging
Batting: LHB Alex Reid 0-0: Foul Ball, location: 2F
0-1: Ball
1-1: Foul Ball, location: 2F
1-2: Ball
2-2: Foul Ball, location: 2F
2-2: Fly out, F8 (Flyball, 78S)
Top of the 1st over - 0 run(s), 1 hit(s), 0 error(s), 1 left on base; Mt. Vernon 0 - Nebraska 0
BOTTOM OF THE 1ST
Nebraska Plainsmen batting - Pitching for Mt. Vernon Bulls : RHP Kyle Boddy
Pitching: RHP Kyle Boddy
Batting: RHB Young-hwan Hyon 0-0: Called Strike
0-1: Ball
1-1: Called Strike
1-2: Ball
2-2: Foul Ball, location: 2F
2-2: Strikes out swinging
Batting: RHB Bob Barlow 0-0: Swinging Strike
0-1: Ball
1-1: Ground out 6-3 (Groundball, 6)
Batting: RHB Lorenzo Ruíz 0-0: Ball
1-0: Called Strike
1-1: Reached on error, E6 (Groundball, 6)
Batting: RHB Carl Wheezer 0-0: Fly out, F9 (Flyball, 9S)
Bottom of the 1st over - 0 run(s), 0 hit(s), 1 error(s), 1 left on base; Mt. Vernon 0 - Nebraska 0
TOP OF THE 2ND
Mt. Vernon Bulls batting - Pitching for Nebraska Plainsmen : RHP Juan Contreras
Batting: SHB Marvin Fitton 0-0: Ball
1-0: Ball
2-0: SINGLE (Flyball, 9S)
Batting: RHB Louis Litt 0-0: Ball
Marvin Fitton is caught stealing 2nd base
1-0: Called Strike
1-1: Ball
2-1: Ground out 1-3 (Groundball, 13S)
Batting: SHB José Macías 0-0: Ball
1-0: Called Strike
1-1: Foul Ball, location: 2F
1-2: Strikes out looking
Top of the 2nd over - 0 run(s), 1 hit(s), 0 error(s), 0 left on base; Mt. Vernon 0 - Nebraska 0
BOTTOM OF THE 2ND
Nebraska Plainsmen batting - Pitching for Mt. Vernon Bulls : RHP Kyle Boddy
Batting: RHB Noe Grohman 0-0: Foul Ball, location: 2F
0-1: Called Strike
0-2: Ball
1-2: Ground out 5-3 (Groundball, 56S)
Batting: LHB Lance Antle 0-0: Ball
1-0: Ball
2-0: Ground out 3-1 (Groundball, 34)
Batting: RHB Leonard Hiott 0-0: Ball
1-0: Called Strike
1-1: Ball
2-1: Swinging Strike
2-2: Strikes out swinging
Bottom of the 2nd over - 0 run(s), 0 hit(s), 0 error(s), 0 left on base; Mt. Vernon 0 - Nebraska 0
TOP OF THE 3RD
Mt. Vernon Bulls batting - Pitching for Nebraska Plainsmen : RHP Juan Contreras
Batting: RHB Manny Álvarez 0-0: Called Strike
0-1: Swinging Strike
0-2: Foul Ball, location: 2F
0-2: Foul Ball, location: 2F
0-2: Foul Ball, location: 2F
0-2: Ball
1-2: Foul Ball, location: 2F
1-2: Ground out 6-3 (Groundball, 6M)
Batting: RHB Ryan Robbins 0-0: Ball
1-0: Ball
2-0: Foul Ball, location: 2F
2-1: Ball
3-1: Foul Ball, location: 2F
3-2: Hit by Pitch
Batting: RHB Noël Sassetti 0-0: Called Strike
0-1: Foul Ball, location: 2F
0-2: Foul Ball, location: 2F
0-2: Ball
1-2: Foul Ball, location: 2F
1-2: Foul Ball, location: 2F
1-2: Ball
2-2: Ball
3-2: Foul Ball, location: 2F
3-2: Fly out, F9 (Flyball, 9S)
Batting: SHB Anastasio Delgadilo 0-0: Swinging Strike
0-1: Called Strike
0-2: Ball
1-2: Foul Ball, location: 2F
1-2: Foul Ball, location: 2F
1-2: Foul Ball, location: 2F
1-2: SINGLE (Line Drive, 8RS)
Ryan Robbins to second
Runner from 2nd tries for 3rd, SAFE, throw made to third
Anastasio Delgadilo to second
Batting: RHB José Perea 0-0: Ball
1-0: Foul Ball, location: 2F
1-1: Ball
2-1: SINGLE (Flyball, 78S)
Ryan Robbins scores
Anastasio Delgadilo to third
Runner from 3rd tries for Home, SAFE, no throw
Batting: LHB Alex Reid 0-0: Ball
1-0: Ball
2-0: Ball
3-0: Base on Balls
José Perea to second
Batting: SHB Marvin Fitton 0-0: Foul Ball, location: 2F
0-1: Foul Ball, location: 2F
0-2: Ball
1-2: Foul Ball, location: 2F
1-2: 3-RUN HOME RUN (Flyball, 9D), Distance : 387 ft
Batting: RHB Louis Litt 0-0: Ground out 2-3 (Groundball, 2R)
Top of the 3rd over - 5 run(s), 3 hit(s), 0 error(s), 0 left on base; Mt. Vernon 5 - Nebraska 0
BOTTOM OF THE 3RD
Nebraska Plainsmen batting - Pitching for Mt. Vernon Bulls : RHP Kyle Boddy
Batting: RHB Amos Bies 0-0: Called Strike
0-1: Called Strike
0-2: Ball
1-2: Ground out 5-3 (Groundball, 56)
Batting: RHB Júlio Crez 0-0: SINGLE (Groundball, 34S) (infield hit)
Batting: RHB Young-hwan Hyon 0-0: Fly out, F8 (Line Drive, 78M)
Batting: RHB Bob Barlow 0-0: Ball
1-0: Called Strike
1-1: Swinging Strike
1-2: Strikes out looking
Bottom of the 3rd over - 0 run(s), 1 hit(s), 0 error(s), 1 left on base; Mt. Vernon 5 - Nebraska 0
TOP OF THE 4TH
Mt. Vernon Bulls batting - Pitching for Nebraska Plainsmen : RHP Juan Contreras
Batting: SHB José Macías 0-0: Called Strike
0-1: Swinging Strike
0-2: Ball
1-2: Foul Ball, location: 2F
1-2: Ball
2-2: Foul Ball, location: 2F
2-2: Strikes out swinging
Batting: RHB Manny Álvarez 0-0: Swinging Strike
0-1: Ball
1-1: Swinging Strike
1-2: Ball
2-2: Foul Ball, location: 2F
2-2: Ball
3-2: Strikes out swinging
Batting: RHB Ryan Robbins 0-0: Ball
1-0: Foul Ball, location: 2F
1-1: Ball
2-1: Swinging Strike
2-2: Foul Ball, location: 2F
2-2: Foul Ball, location: 2F
2-2: Strikes out looking
Top of the 4th over - 0 run(s), 0 hit(s), 0 error(s), 0 left on base; Mt. Vernon 5 - Nebraska 0
BOTTOM OF THE 4TH
Nebraska Plainsmen batting - Pitching for Mt. Vernon Bulls : RHP Kyle Boddy
Batting: RHB Lorenzo Ruíz 0-0: Ball
1-0: Ball
2-0: Ball
3-0: Reached on error, E6 (Groundball, 6)
Batting: RHB Carl Wheezer 0-0: Fly out, F9 (Flyball, 9LS)
Batting: RHB Noe Grohman 0-0: Ball
1-0: Ball
2-0: Ball
3-0: Called Strike
3-1: Base on Balls
Lorenzo Ruíz to second
Batting: LHB Lance Antle 0-0: Ball
1-0: Ball
2-0: Called Strike
2-1: Foul Ball, location: 2F
2-2: Foul Ball, location: 2F
2-2: Ball
3-2: Grounds into double play, 4-6-3 (Groundball, 34)
Bottom of the 4th over - 0 run(s), 0 hit(s), 1 error(s), 1 left on base; Mt. Vernon 5 - Nebraska 0
TOP OF THE 5TH
Mt. Vernon Bulls batting - Pitching for Nebraska Plainsmen : RHP Juan Contreras
Batting: RHB Noël Sassetti 0-0: Called Strike
0-1: Ground out 5-3 (Groundball, 5)
Batting: SHB Anastasio Delgadilo 0-0: SINGLE (Groundball, 34D)
Batting: RHB José Perea 0-0: Called Strike
0-1: Foul Ball, location: 2F
0-2: Grounds into double play, 6-4-3 (Groundball, 6)
Top of the 5th over - 0 run(s), 1 hit(s), 0 error(s), 0 left on base; Mt. Vernon 5 - Nebraska 0
BOTTOM OF THE 5TH
Nebraska Plainsmen batting - Pitching for Mt. Vernon Bulls : RHP Kyle Boddy
Batting: RHB Leonard Hiott 0-0: Ball
1-0: Foul Ball, location: 2F
1-1: Ball
2-1: Ball
3-1: Called Strike
3-2: Strikes out swinging
Batting: RHB Amos Bies 0-0: Ball
1-0: Ball
2-0: Ground out 1-3 (Groundball, 13S)
Batting: RHB Júlio Crez 0-0: Fly out, F4 (Popup, 4MD)
Bottom of the 5th over - 0 run(s), 0 hit(s), 0 error(s), 0 left on base; Mt. Vernon 5 - Nebraska 0
TOP OF THE 6TH
Mt. Vernon Bulls batting - Pitching for Nebraska Plainsmen : RHP Juan Contreras
Batting: LHB Alex Reid 0-0: Ball
1-0: SINGLE (Flyball, 8RS)
Batting: SHB Marvin Fitton 0-0: Ball
1-0: Ball
2-0: Called Strike
2-1: TRIPLE (Flyball, 8RD)
Alex Reid scores
Pitching: RHP Noah Shellenbarger
Batting: RHB Louis Litt 0-0: Swinging Strike
0-1: Ball
1-1: Swinging Strike
1-2: Ball
2-2: Foul Ball, location: 2F
2-2: Strikes out looking
Batting: SHB José Macías 0-0: Called Strike
0-1: Ball
1-1: Ball
2-1: Ball
3-1: Base on Balls
Batting: RHB Manny Álvarez 0-0: Called Strike
0-1: Ball
1-1: Called Strike
1-2: Strikes out swinging
Batting: RHB Ryan Robbins 0-0: Ball
1-0: Ground out U3 (Groundball, 34)
Top of the 6th over - 1 run(s), 2 hit(s), 0 error(s), 2 left on base; Mt. Vernon 6 - Nebraska 0
BOTTOM OF THE 6TH
Nebraska Plainsmen batting - Pitching for Mt. Vernon Bulls : RHP Kyle Boddy
Batting: RHB Young-hwan Hyon 0-0: Ball
1-0: Ground out 4-3 (Groundball, 34)
Batting: RHB Bob Barlow 0-0: Ball
1-0: Foul Ball, location: 2F
1-1: Called Strike
1-2: Foul Ball, location: 2F
1-2: Foul Ball, location: 2F
1-2: SINGLE (Groundball, 6MD)
Pitching: RHP Jorge Chávez
Batting: RHB Lorenzo Ruíz 0-0: Ball
1-0: Ball
2-0: Called Strike
2-1: Ball
3-1: Base on Balls
Bob Barlow to second
Batting: RHB Carl Wheezer 0-0: Called Strike
0-1: Ball
1-1: Fielders Choice at 2nd, 6-4 (Groundball, 6)
Bob Barlow to third
Batting: RHB Noe Grohman 0-0: Ball
1-0: Called Strike
1-1: Called Strike
1-2: Strikes out swinging
Bottom of the 6th over - 0 run(s), 1 hit(s), 0 error(s), 2 left on base; Mt. Vernon 6 - Nebraska 0
TOP OF THE 7TH
Mt. Vernon Bulls batting - Pitching for Nebraska Plainsmen : RHP Noah Shellenbarger
Batting: RHB Noël Sassetti 0-0: Ball
1-0: Swinging Strike
1-1: Foul Ball, location: 2F
1-2: Strikes out swinging
Batting: SHB Anastasio Delgadilo 0-0: Ball
1-0: Ground out U3 (Groundball, 34)
Batting: RHB José Perea 0-0: Swinging Strike
0-1: Foul Ball, location: 2F
0-2: Ball
1-2: Ball
2-2: Ball
3-2: Base on Balls
Batting: LHB Alex Reid 0-0: Called Strike
0-1: Ball
1-1: Ball
2-1: Ball
3-1: Base on Balls
José Perea to second
Batting: SHB Marvin Fitton 0-0: Called Strike
0-1: SINGLE (Line Drive, 8LS)
José Perea to third
Alex Reid to second
Runner from 3rd tries for Home, throw and OUT!
Top of the 7th over - 0 run(s), 1 hit(s), 0 error(s), 2 left on base; Mt. Vernon 6 - Nebraska 0
BOTTOM OF THE 7TH
Nebraska Plainsmen batting - Pitching for Mt. Vernon Bulls : RHP Jorge Chávez
Batting: LHB Lance Antle 0-0: Fly out, F7 (Flyball, 78M)
Batting: RHB Leonard Hiott 0-0: Swinging Strike
0-1: Foul Ball, location: 2F
0-2: Ball
1-2: Strikes out swinging, 2-3 out at first.
Batting: RHB Amos Bies 0-0: Called Strike
0-1: Ball
1-1: Swinging Strike
1-2: Ball
2-2: Ball
3-2: Base on Balls
Batting: RHB Júlio Crez 0-0: Called Strike
0-1: Foul Ball, location: 2F
0-2: Hit by Pitch
Amos Bies to second
Batting: RHB Young-hwan Hyon 0-0: Called Strike
0-1: Swinging Strike
0-2: Fielders Choice at 2nd, 4-6 (Groundball, 4)
Bottom of the 7th over - 0 run(s), 0 hit(s), 0 error(s), 1 left on base; Mt. Vernon 6 - Nebraska 0
TOP OF THE 8TH
Mt. Vernon Bulls batting - Pitching for Nebraska Plainsmen : RHP Noah Shellenbarger
Pitching: RHP Norco Biffle
Batting: RHB Louis Litt 0-0: Ball
1-0: Ball
2-0: Fly out, F6 (Flyball, 6MD)
Batting: SHB José Macías 0-0: Foul Ball, location: 2F
0-1: Called Strike
0-2: Ball
1-2: Ball
2-2: Strikes out swinging
Batting: RHB Manny Álvarez 0-0: Called Strike
0-1: SINGLE (Groundball, 6MD)
Batting: RHB Ryan Robbins 0-0: Ball
1-0: Called Strike
1-1: Fly out, F7 (Flyball, 7)
Top of the 8th over - 0 run(s), 1 hit(s), 0 error(s), 1 left on base; Mt. Vernon 6 - Nebraska 0
BOTTOM OF THE 8TH
Nebraska Plainsmen batting - Pitching for Mt. Vernon Bulls : RHP Jorge Chávez
Batting: RHB Bob Barlow 0-0: Ball
1-0: Fly out, F7 (Flyball, 7D)
Batting: RHB Lorenzo Ruíz 0-0: Ball
1-0: Ground out U3 (Groundball, 34)
Batting: RHB Carl Wheezer 0-0: Called Strike
0-1: Fly out, F8 (Line Drive, 8LD)
Bottom of the 8th over - 0 run(s), 0 hit(s), 0 error(s), 0 left on base; Mt. Vernon 6 - Nebraska 0
TOP OF THE 9TH
Mt. Vernon Bulls batting - Pitching for Nebraska Plainsmen : RHP Norco Biffle
Pitching: RHP Christian Mustard
Batting: RHB Noël Sassetti 0-0: Ball
1-0: Called Strike
1-1: Ball
2-1: Foul Ball, location: 2F
2-2: Foul Ball, location: 2F
2-2: Fly out, F8 (Flyball, 8LS)
Pitching: RHP Jim Unknown
Batting: SHB Anastasio Delgadilo 0-0: Foul Ball, location: 2F
0-1: Ball
1-1: Called Strike
1-2: Ball
2-2: Ground out 5-3 (Groundball, 56S)
Batting: RHB José Perea 0-0: Called Strike
0-1: Ball
1-1: Ball
2-1: Foul Ball, location: 2F
2-2: Strikes out swinging
Top of the 9th over - 0 run(s), 0 hit(s), 0 error(s), 0 left on base; Mt. Vernon 6 - Nebraska 0
BOTTOM OF THE 9TH
Nebraska Plainsmen batting - Pitching for Mt. Vernon Bulls : RHP Jorge Chávez
Batting: RHB Noe Grohman 0-0: Ball
1-0: Called Strike
1-1: Ball
2-1: Ball
3-1: Ground out 6-3 (Groundball, 6S)
Batting: LHB Lance Antle 0-0: Called Strike
0-1: Foul Ball, location: 2F
0-2: SINGLE (Line Drive, 8RS)
Batting: RHB Leonard Hiott 0-0: Called Strike
0-1: Ball
1-1: Foul Ball, location: 2F
1-2: Ball
2-2: Foul Ball, location: 2F
2-2: Foul Ball, location: 2F
2-2: Foul Ball, location: 2F
2-2: Strikes out swinging
Batting: RHB Amos Bies 0-0: SINGLE (Line Drive, 6MD)
Lance Antle to second
Runner from 2nd tries for 3rd, SAFE, no throw
Batting: RHB Júlio Crez 0-0: Called Strike
0-1: Ball
1-1: Foul Ball, location: 2F
1-2: Ball
2-2: Strikes out looking
Bottom of the 9th over - 0 run(s), 2 hit(s), 0 error(s), 2 left on base; Mt. Vernon 6 - Nebraska 0
Friday, December 30th, 2016 - OOTP Baseball 17.12 Build 75